 Dungeon Crawl Stone Soup version 0.30-a0-870-gc5d4c5acee (webtiles) character file.

Game seed: 12981940803185516990

15501 cforsyth the Protected (level 12, 0/97 HPs)
             Began as a Barachi Fighter on Mar 12, 2023.
             Was the Champion of Cheibriados.
             Slain by a slime creature (8 damage)
             ... on level 12 of the Dungeon.
             The game lasted 00:23:57 (12785 turns).

cforsyth the Protected (Barachi Fighter)           Turns: 12785, Time: 00:23:58

Health: 0/97       AC: 35    Str: 32    XL:     12   Next: 27%
Magic:  10/12      EV:  6    Int: 32    God:    Cheibriados [******]
Gold:   985        SH:  8    Dex: 30    Spells: 11/11 levels left

rFire   . . .      SeeInvis .    a - +0 long sword (flame)
rCold   + . .      Faith    .    c - +0 buckler
rNeg    . . .      Spirit   .    h - +0 crystal plate armour
rPois   .          Reflect  .    x - +2 helmet
rElec   .          Rampage  .    J - +2 cloak
rCorr   .                        L - +2 pair of gloves
Will    .....                    K - +0 pair of boots Stlth
                                 t - amulet of regeneration
HPRegen 1.16/turn                e - +6 ring of intelligence
MPRegen 0.13/turn                B - ring of protection from cold

@: about to teleport, unable to hop, very slow
A: amphibious, slowness 1, strong legs 1, +LOS
a: Hop, Renounce Religion, Bend Time, Temporal Distortion, Slouch, Step From
Time


You were on level 12 of the Dungeon.
You worshipped Cheibriados.
Cheibriados was exalted by your worship.
You visited 2 branches of the dungeon, and saw 13 of its levels.
You also visited: Bailey.

You collected 985 gold pieces.

Inventory:

Hand Weapons
 a - a +0 long sword of flaming (weapon)
Missiles
 D - 3 throwing nets
Armour
 b - a +0 scale mail
 c - a +0 buckler (worn)
 h - a +0 crystal plate armour (worn)
 x - a +2 helmet (worn)
 J - a +2 cloak (worn)
 K - a +0 pair of boots (worn)
 L - a +2 pair of gloves (worn)
Jewellery
 e - a +6 ring of intelligence (left hand)
 n - a +6 ring of intelligence
 q - an amulet of magic regeneration
 t - an amulet of regeneration (around neck)
 B - a ring of protection from cold (right hand)
 F - a ring of fire
 M - a +6 ring of intelligence
Wands
 j - a wand of mindburst (22)
 k - a wand of digging (5)
 C - a wand of roots (4)
 G - a wand of flame (29)
Scrolls
 s - a scroll of amnesia {unknown}
 v - 6 scrolls of enchant armour
 w - 9 scrolls of enchant weapon
 y - 4 scrolls of teleportation
 A - a scroll of brand weapon
 E - a scroll of silence {unknown}
 H - 2 scrolls of butterflies {unknown}
 I - 2 scrolls of blinking {unknown}
Potions
 d - a potion of invisibility
 f - 2 potions of magic
 g - 2 potions of might
 i - 5 potions of brilliance
 l - 7 potions of heal wounds
 m - a potion of attraction
 o - 9 potions of curing
 p - a potion of flight
 r - a potion of lignification {unknown}
 u - a potion of mutation {unknown}
 z - a potion of degeneration {unknown}
 N - 2 potions of berserk rage {unknown}


   Skills:
 - Level 10.0 Fighting
 + Level 13.6 Long Blades
 + Level 13.8 Armour
 - Level 9.2 Shields
 - Level 4.0 Evocations


You had 11 spell levels left.
You didn't know any spells.
Your spell library contained the following spells:

 Spells                   Type           Power      Damage    Failure   Level
 Gell's Gravitas          Tloc           0%         N/A       99%         3
 Teleport Other           Tloc           0%         N/A       99%         3
 Dispersal                Tloc           0%         N/A       100%        6


Dungeon Overview and Level Annotations

Branches:
Dungeon (12/15)            Temple (1/1) D:4            Lair (0/5) D:11
    Orc (0/2) D:11         Bailey (visited)

Altars:
Cheibriados
Elyvilon
Qazlal
Trog
Vehumet
Yredelemnul
Zin
The Shining One

Shops:
D:3 (   D:7 (

Annotations:
D:9 1 runed translucent door, FexLirch's ghost, novice TrGl
D:11 exclusion: oklob plant


Innate Abilities, Weirdness & Mutations

You are amphibious.
You cover ground slowly.
You can hop short distances.
You have an extended range of vision and can be seen from far away.


Message History

The slime creature is heavily wounded.
The slime creature hits you but does no damage.
The large slime creature hits you!! The slime creature hits you!
You slash the slime creature! You burn the slime creature.
The slime creature is almost dead.
The slime creature hits you but does no damage.
You hit the slime creature. You burn the slime creature.
The slime creature is almost dead.
The large slime creature hits you! You block the slime creature's attack.
The slime creature barely misses you.
You hit the slime creature. You burn the slime creature.
The slime creature is almost dead.
You block the slime creature's attack. The large slime creature hits you!
You hit the slime creature. You burn the slime creature.
The slime creature is almost dead.
The slime creature hits you but does no damage.
You block the slime creature's attack. The large slime creature hits you!
* * * LOW HITPOINT WARNING * * *
You slash the slime creature! You burn the slime creature.
You kill the slime creature!
Cheibriados thoroughly appreciates the change of pace.
The slime creature hits you.
* * * LOW HITPOINT WARNING * * *
A large slime creature splits.
As you read the scroll of teleportation, it crumbles to dust.
You feel strangely unstable.
The slime creature hits you but does no damage. x3
What are your orders? t - Croak!
Orders for allies: a - Attack new target. r - Retreat! s - Stop attacking. g - Guard the area. f - Follow me.
Anything else - Cancel.
Okay, then.
The slime creature attacks as you move away!
The slime creature hits you but does no damage.
The slime creature hits you!
* * * LOW HITPOINT WARNING * * *
The slime creature hits you!
You die...

.............+
.[........<..#
.............#
....##...#####
...####''####
.##........##
##......)...##
##............##
##.......J@.....##
##........JJ......##
#..................#
#..................#
#.......8..8.......#
+........##.)......+
+........##........+
#.......8).8.......#
#..................#


You could see 3 slime creatures.

Vanquished Creatures
  A hydra (D:12)
  3 two-headed ogres
  A deep elf pyromancer (D:12)
  2 orc knights (Bailey)
  An ugly thing (D:12)
  A manticore (D:11)
  2 cyclopes (D:11)
  Maurice (D:8)
  A gargoyle (D:10)
  5 komodo dragons (D:11)
  Grinder (D:3)
  A shadow (D:11)
  A slime creature (D:12)
  26 yaks
  A wraith (D:11)
  A wyvern (D:7)
  A steam dragon (D:7)
  Edmund (D:5)
  2 water moccasins
  2 acid dragons
  7 orc warriors
  The ghost of drewk1942 the Ruffian, an amateur TrFi (D:3)
  A swamp drake (D:11)
  A centaur (D:9)
  A phantom (D:5)
  3 kobold brigands
  A bullfrog (D:7)
  A water moccasin zombie (D:3)
  2 gnoll sergeants
  2 scorpions (D:5)
  3 wights (D:9)
  A water moccasin skeleton (D:3)
  4 killer bees (D:9)
  3 howler monkeys
  A bullfrog zombie (D:3)
  2 jellies
  5 hounds
  3 gnoll boudas
  2 orc priests
  Crazy Yiuf (D:4)
  A bullfrog skeleton (D:3)
  15 iguanas
  3 orc wizards
  Robin (D:4)
  4 adders
  18 gnolls
  4 white imps
  2 ufetubi
  2 worms (D:2)
  2 dart slugs
  54 orcs
  7 endoplasms
  4 giant cockroaches
  22 goblins
  11 hobgoblins
  5 jackals
  4 quokkas
  5 ball pythons
  4 bats
  16 frilled lizards
  15 kobolds
  8 rats
307 creatures vanquished.

Vanquished Creatures (others)
  A giant cockroach (D:4)
  A hobgoblin (D:4)
  6 plants (D:11)
8 creatures vanquished.

Grand Total: 315 creatures vanquished

Notes
Turn   | Place    | Note
-------+----------+-------------------------------------------
     0 | D:1      | cforsyth the Barachi Fighter began the quest for the Orb.
     0 | D:1      | Reached XP level 1. HP: 18/18 MP: 1/1
   122 | D:1      | Reached XP level 2. HP: 25/25 MP: 2/2
   633 | D:1      | Reached skill level 1 in Evocations
   806 | D:1      | Reached XP level 3. HP: 27/30 MP: 3/3
  1124 | D:2      | Reached XP level 4. HP: 35/37 MP: 4/4
  1638 | D:3      | Found a runed translucent gate.
  1639 | D:3      | Found a runed translucent gate.
  1640 | D:3      | Found a runed translucent gate.
  1653 | D:3      | Noticed drewk1942's ghost (amateur TrFi)
  1725 | D:3      | Noticed Grinder
  1970 | D:4      | Reached XP level 5. HP: 41/43 MP: 5/5
  2169 | D:4      | Found a staircase to the Ecumenical Temple.
  2179 | Temple   | Entered the Ecumenical Temple
  2230 | Temple   | Became a worshipper of Cheibriados the Contemplative
  2325 | D:4      | Found a runed translucent door.
  2326 | D:4      | Noticed Crazy Yiuf
  2539 | D:4      | Noticed Robin
  2568 | D:4      | Reached * piety under Cheibriados
  2585 | D:4      | Killed Robin
  2586 | D:4      | Reached XP level 6. HP: 38/50 MP: 6/6
  3110 | D:3      | Found Uraovvess's Antique Weapon Shop.
  3323 | D:5      | Entered Level 5 of the Dungeon
  3499 | D:4      | Reached skill level 5 in Fighting
  3607 | D:5      | Reached skill level 5 in Armour
  3632 | D:5      | Reached ** piety under Cheibriados
  3633 | D:5      | Reached XP level 7. HP: 45/56 MP: 7/7
  3768 | D:5      | Noticed Edmund
  3782 | D:5      | Killed Edmund
  3783 | D:5      | Reached skill level 5 in Shields
  3901 | D:5      | Reached skill level 5 in Long Blades
  4455 | D:6      | Reached XP level 8. HP: 59/64 MP: 8/8
  4775 | D:6      | Reached *** piety under Cheibriados
  5694 | D:7      | Noticed a wyvern
  5697 | D:7      | Killed a wyvern
  5843 | D:7      | Reached **** piety under Cheibriados
  5922 | D:7      | Reached XP level 9. HP: 72/72 MP: 9/9
  6182 | D:7      | Found Usad's Antique Weapon Boutique.
  6487 | D:4      | Killed Crazy Yiuf
  6578 | D:3      | Paralysed by Grinder for 5 turns
  6587 | D:3      | Killed Grinder
  6606 | D:3      | Killed drewk1942's ghost
  6876 | D:8      | Found a basalt altar of Yredelemnul.
  6919 | D:8      | Found a flagged portal.
  6985 | Bailey   | Entered a bailey
  7384 | Bailey   | Noticed an orc knight
  7701 | Bailey   | Reached XP level 10. HP: 77/82 MP: 10/10
  7781 | Bailey   | Killed an orc knight
  7806 | Bailey   | Noticed an orc knight
  7833 | Bailey   | Killed an orc knight
  8332 | D:8      | Noticed Maurice
  8359 | D:8      | Killed Maurice
  8409 | D:8      | Reached ***** piety under Cheibriados
  8954 | D:9      | Found a runed translucent door.
  8955 | D:9      | Noticed FexLirch's ghost (novice TrGl)
  9653 | D:10     | Entered Level 10 of the Dungeon
  9653 | D:10     | Noticed a gargoyle
  9823 | D:10     | Noticed a two-headed ogre
  9837 | D:10     | Killed a two-headed ogre
  9838 | D:10     | Reached skill level 10 in Fighting
 10133 | D:10     | Killed a gargoyle
 10134 | D:10     | Reached skill level 10 in Armour
 10139 | D:10     | Noticed a two-headed ogre
 10165 | D:9      | Reached skill level 10 in Long Blades
 10169 | D:9      | Reached XP level 11. HP: 69/90 MP: 11/11
 10177 | D:9      | Killed a two-headed ogre
 10571 | D:10     | Identified the +8 hand axe "Mikutzogist" {heavy, +Blink rN+
                  | Stlth+}
 11061 | D:11     | Noticed a cyclops
 11071 | D:11     | Killed a cyclops
 11084 | D:11     | Found a staircase to the Orcish Mines.
 11239 | D:11     | Noticed a manticore
 11252 | D:11     | Killed a manticore
 11372 | D:11     | Noticed a two-headed ogre
 11381 | D:11     | Killed a two-headed ogre
 11415 | D:11     | Reached ****** piety under Cheibriados
 11428 | D:11     | Found a stormy altar of Qazlal.
 11456 | D:11     | Identified the +0 scale mail of the Pits of Slime {Rampage
                  | rElec Dex+3}
 11459 | D:11     | Found a staircase to the Lair.
 11468 | D:11     | Noticed an oklob plant
 11712 | D:11     | Noticed a cyclops
 11720 | D:11     | Killed a cyclops
 12139 | D:11     | Reached XP level 12. HP: 66/97 MP: 12/12
 12578 | D:12     | Noticed a seven-headed hydra
 12590 | D:12     | Killed a two-headed hydra
 12785 | D:12     | Slain by a slime creature

Illustrated notes

Levels and vault maps discovered:
D:1:      dpeg_arrival_arbitrary_b, layout_loops_ring, nicolae_hexahallways
D:2:      layout_basic
D:3:      layout_loops_ring, serial_shops, nicolae_shop_hallway_plus,
          gammafunk_ghost_necromancy, chequers_serial_rivers_small_3,
          uniq_grinder
D:4:      layout_loops_ring, minmay_temple_entry_offerings, minmay_circle_x,
          uniq_robin, uniq_crazy_yiuf_cottage
D:5:      nicolae_cairo_tiling_large, layout_loops_ring, uniq_edmund
D:6:      layout_loops_corners
D:7:      layout_basic, serial_shops, nicolae_shop_behind_doors,
          grunt_ministairs_8
D:8:      layout_gridville, nicolae_overflow_crystal_walls, enter_bailey_3,
          serial_bayou_pond_d, uniq_maurice
D:9:      layout_basic, gammafunk_ghost_grave, serial_corexii_hall,
          corexii_hall_statues_l, chequers_hall_statues_y
D:10:     layout_loops_ring
D:11:     lemuel_reptile_caves, layout_loops_ring, dpeg_oklobed_lair,
          david_orc_2, nicolae_qazlal_general_emergency
D:12:     kennysheep_big_flooded_room, layout_gridville,
          minmay_guarded_unrand_vampires_tooth
Temple:   roderic_octagonal_lattice_temple

Skill      XL: |  1  2  3  4  5  6  7  8  9 10 11 12 |
---------------+-------------------------------------+-----
Evocations     | 1 2 3 4 |  4.0
Fighting       | 4 5 6 7 8 10 | 10.0
Armour         | 4 5 7 8 10 13 | 13.8
Long Blades    | 3 4 5 6 8 10 12 13 | 13.6
Shields        | 4 5 6 8 9 |  9.2

Action                     |  1- 3 |  4- 6 |  7- 9 | 10-12 || total
---------------------------+-------+-------+-------+-------++-------
  Melee: Long sword        |    80 |   228 |   406 |   493 ||  1207
 Invoke: Bend Time         |       |       |       |     1 ||     1
Ability: Hop               |       |       |       |     1 ||     1
  Evoke: Wand              |       |       |     4 |     4 ||     8
    Use: Potion            |       |       |     1 |     6 ||     7
         Scroll            |       |       |     9 |     7 ||    16
   Stab: Invisible         |       |       |       |     8 ||     8
         Confused          |       |       |       |     1 ||     1
 Armour: Scale mail        |    18 |       |       |       ||    18
         Crystal plate arm |    23 |   278 |   407 |   265 ||   973
  Dodge: Dodged            |    27 |    16 |    87 |   109 ||   239
  Block: Buckler           |    15 |    82 |   184 |   182 ||   463

Table legend: (Time is in decaauts)
 A = Elapsed time spent in this place.
 B = Non-inter-level travel time spent in this place.
 C = Inter-level travel time spent in this place.
 D = Time resting spent in this place.
 E = Time spent auto-exploring this place.
 F = Levels seen in this place.
 G = Mean time per level.
                   A        B        C        D        E       F      G
               +--------+--------+--------+--------+--------+-----+--------+
         Total |  20374 |  19118 |   1256 |   2023 |  13626 |  14 | 1455.3 |
       Dungeon |  18926 |  17700 |   1226 |   1419 |  13364 |  12 | 1577.2 |
        Temple |     92 |     62 |     30 |      0 |     42 |   1 |   92.0 |
        Bailey |   1355 |   1355 |      0 |    604 |    220 |   1 | 1355.0 |
               +--------+--------+--------+--------+--------+-----+--------+

Top non-repeatable levels by time:
    D:11: 2559 daAuts
     D:9: 2308 daAuts
     D:7: 2139 daAuts
     D:6: 1950 daAuts
     D:4: 1870 daAuts
     D:8: 1776 daAuts
    D:10: 1743 daAuts
     D:5: 1404 daAuts
  Bailey: 1355 daAuts
     D:1: 1091 daAuts
     D:3: 1052 daAuts
     D:2: 710 daAuts
    D:12: 319 daAuts
  Temple: 92 daAuts
